 Dungeon Crawl Stone Soup version 0.21.1-1-g345015fe64 (webtiles) character file.

23 Kohma the Grave Robber (level 2, -2/24 HPs)
             Began as a Hill Orc Necromancer on July 3, 2018.
             Slain by an adder (4 damage)
             ... on level 2 of the Dungeon.
             The game lasted 00:03:45 (1142 turns).

Kohma the Grave Robber (Hill Orc Necromancer)       Turns: 1142, Time: 00:03:46

Health: -2/24      AC:  2    Str: 10    XL:     2   Next: 95%
Magic:  0/4        EV: 12    Int: 15    God:
Gold:   87         SH:  0    Dex: 11    Spells: 2/4 levels left

rFire    . . .     SeeInvis .   k - +0 short sword
rCold    . . .     Gourm    .   (no shield)
rNeg     . . .     Faith    .   a - +0 robe
rPois    .         Spirit   .   (no helmet)
rElec    .         Reflect  .   (no cloak)
rCorr    .         Harm     .   (no gloves)
MR       .....                  (no boots)
Stlth    ++........             (no amulet)
HPRegen  0.08/turn              (no ring)
MPRegen  0.09/turn              (no ring)

@: lethally poisoned (-2 -> -7)
A: no striking features
a: no special abilities


You were on level 2 of the Dungeon.
You were hungry.

You visited 1 branch of the dungeon, and saw 2 of its levels.

You collected 87 gold pieces.

Inventory:

Hand Weapons
 k - a +0 short sword (weapon)
Armour
 a - a +0 robe (worn)
Scrolls
 e - a scroll of teleportation {unknown}
 h - a scroll of identify {unknown}
 j - a scroll of noise {unknown}
Potions
 d - a potion of lignification {unknown}
 f - a potion of heal wounds {unknown}
 g - a potion of agility {unknown}
 i - a potion of haste {unknown}
Books
 b - a book of Necromancy

   Spells                             Type                      Level
   a - Pain                           Necromancy                   1
   b - Animate Skeleton               Necromancy                   1
   c - Vampiric Draining              Necromancy                   3
   d - Regeneration                   Charms/Necromancy            3
   e - Animate Dead                   Necromancy                   4
   f - Borgnjor's Vile Clutch         Necromancy/Earth             5
Comestibles
 c - 2 rations


   Skills:
 * Level 1.7 Fighting
 - Level 1.5 Dodging
 - Level 1.5 Stealth
 + Level 1.8 Spellcasting
 * Level 4.3 Necromancy


You had 2 spell levels left.
You knew the following spells:

 Your Spells              Type           Power        Failure   Level  Hunger
a - Pain                  Necr           ##..         3%          1    ##.....
b - Animate Skeleton      Necr           N/A          3%          1    ##.....


Dungeon Overview and Level Annotations

Branches:
Dungeon (2/15)

Altars:
Cheibriados


Message History

You see here a bat corpse.
* * * LOW HITPOINT WARNING * * *
You feel sick.
Casting: Pain
Confirm with . or Enter, or press ? or * to list all spells.
You don't have enough magic to cast that spell.
* * * LOW HITPOINT WARNING * * *
You feel sick. The adder misses you.
Casting: Pain
Confirm with . or Enter, or press ? or * to list all spells.
Aiming: Pain
Press: ? - help, Shift-Dir - straight line, f/p - adder
Aim: an adder (almost dead, chance to defeat MR: 79%)
The adder barely resists.
You are feeling hungry.
The adder bites you but does no damage.
* * * LOW HITPOINT WARNING * * *
You feel sick. The adder bites you.
You die...

#### .. ...### #.# .... ..#
#.###.# #.....#
#.###†##..######
#.....$........
######..S###### #..@# .#
##.>.## .# ##.....## ####.##
##......(##### #.....#
#............###.....#
##.......##...##(....#
##..........#........#
.#.####.....###.#...##..<..#
#....<......# #.##.####...##


You could see an adder.

Vanquished Creatures
  4 giant cockroaches (D:1)
  A hobgoblin (D:1)
  4 kobolds (D:1)
  3 bats
  3 frilled lizards
  2 goblins (D:1)
  5 rats (D:1)
22 creatures vanquished.

Vanquished Creatures (collateral kills)
  A frilled lizard (D:1)
  A rat (D:1)
2 creatures vanquished.

Grand Total: 24 creatures vanquished

Notes
Turn   | Place    | Note
-------+----------+-------------------------------------------
     0 | D:1      | Kohma the Hill Orc Necromancer began the quest for the Orb.
     0 | D:1      | Reached XP level 1. HP: 14/14 MP: 3/3
   243 | D:1      | Reached skill level 1 in Fighting
   256 | D:1      | Reached XP level 2. HP: 23/23 MP: 2/4
   259 | D:1      | Learned a level 1 spell: Animate Skeleton
  1109 | D:2      | Found a snail-covered altar of Cheibriados.
  1141 | D:2      | HP: 1/24 [poisoned by an adder]
  1142 | D:2      | Slain by an adder

Skill      XL: |  1 |
---------------+----+-----
Fighting       | 1 |  1.7
Dodging        | |  1.5
Stealth        | |  1.5
Spellcasting   | |  1.8
Necromancy     | |  4.3

Action                   || total
-------------------------++-------
Melee: Club              ||    13
       Short sword       ||     6
 Cast: Pain              ||    31
       Animate Skeleton  ||     6
  Eat: Chunk             ||     1
Armor: Robe              ||     6
Dodge: Dodged            ||    28
